 Dungeon Crawl Stone Soup version 0.29.1-1-gd02db69 (webtiles) character file.

Game seed: 13537776894785986936

1265 Kel the Cleaver (level 8, -1/46 HPs)
             Began as a Gargoyle Fighter on Nov 23, 2022.
             Killed by nerve-wracking pain
             ... invoked by a shadow imp
              (4 damage)
             ... on level 5 of the Dungeon.
             The game lasted 00:11:36 (7114 turns).

Kel the Cleaver (Gargoyle Fighter)                  Turns: 7114, Time: 00:11:36

Health: -1/46      AC: 17    Str: 22    XL:     8   Next: 52%
Magic:  8/8        EV: 10    Int: 11    God:
Gold:   295        SH: 10    Dex:  9    Spells: 7/7 levels left

rFire   . . .      SeeInvis +   a - +0 war axe
rCold   . . .      Faith    .   v - +1 buckler "Botarost" {rPois Int+2}
rNeg    + . .      Spirit   .   E - +0 plate armour
rPois   ∞          Reflect  +   (no helmet)
rElec   +          Harm     .   (no cloak)
rCorr   .          Rampage  .   (no gloves)
Will    .....                   (no boots)
Stlth   ..........              F - amulet of reflection
HPRegen 0.15/turn               i - +4 ring of evasion
MPRegen 0.11/turn               C - ring of see invisible

@: no status effects
A: sickness immunity, AC +5, negative energy resistance 1, electricity
resistance, torment resistance 1, petrification resistance
a: no special abilities


You were on level 5 of the Dungeon.
You visited 1 branch of the dungeon, and saw 5 of its levels.

You collected 295 gold pieces.

Inventory:

Hand Weapons
 a - a +0 war axe (weapon)
Missiles
 c - 2 throwing nets (quivered)
Armour
 v - the +1 buckler "Botarost" (worn) {rPois Int+2}
   (You found it on level 3 of the Dungeon)

   Int:       It affects your intelligence (+2).
   rPois:     It protects you from poison.
 E - a +0 plate armour (worn)
Jewellery
 i - a +4 ring of evasion (left hand)
 C - a ring of see invisible (right hand)
 D - a ring of protection from fire
 F - an amulet of reflection (around neck)
Wands
 b - a wand of charming (1)
 y - a wand of roots (2)
Scrolls
 e - 2 scrolls of enchant weapon
 h - 3 scrolls of fear
 j - 2 scrolls of amnesia
 k - 2 scrolls of silence
 l - a scroll of blinking
 r - a scroll of brand weapon
 t - a scroll of teleportation {unknown}
 u - a scroll of summoning {unknown}
 x - a scroll of poison {unknown}
 z - a scroll of butterflies {unknown}
 A - a scroll of vulnerability {unknown}
Potions
 d - 2 potions of might
 f - a potion of lignification {unknown}
 g - a potion of degeneration {unknown}
 m - a potion of ambrosia {unknown}
 n - a potion of flight {unknown}
 o - 5 potions of attraction {unknown}
 p - 5 potions of curing {unknown}
 s - 2 potions of invisibility {unknown}


   Skills:
 - Level 3.2 Fighting
 + Level 9.4 Axes
 - Level 3.2 Armour
 - Level 3.2 Shields


You had 7 spell levels left.
You didn't know any spells.
Your spell library contained the following spells:

 Spells                   Type           Power      Damage    Failure   Level
 Beastly Appendage        Tmut           0%         N/A       100%        1
 Wereblood                Tmut           0%         N/A       100%        2
 Gell's Gravitas          Tloc           0%         N/A       100%        3
 Ignite Poison            Fire/Tmut/Pois 0%         N/A       100%        3
 Mephitic Cloud           Conj/Pois/Air  0%         N/A       100%        3
 Spider Form              Tmut/Pois      0%         N/A       100%        3
 Teleport Other           Tloc           0%         N/A       100%        3
 Freezing Cloud           Conj/Ice/Air   0%         6-21      100%        5
 Dispersal                Tloc           0%         N/A       100%        6


Dungeon Overview and Level Annotations

Branches:
Dungeon (5/15)
 Temple: D:4-7

Altars:
Cheibriados
Dithmenos
Fedhas
Okawaru
Sif Muna
Wu Jian
Xom

Annotations:
D:5 1 transporter


Innate Abilities, Weirdness & Mutations

You are immune to sickness and miasma.
Your stone body is resilient. (AC +5)
You are immune to poison.
You resist negative energy. (rN+)
You are resistant to electric shocks. (rElec)
You are resistant to unholy torment.
You are immune to petrification.


Message History

The orc priest shouts!
The orc priest shouts!
The shadow imp shouts, "Repent, thou bootless fool-headed nert!"
The shadow imp picks up a beetle and eats it.
There is a transporter here.
You enter the transporter and appear at another place.
b - a wand of charming (1)
You open the door.
There is an open door here.
There are monsters nearby!
No reachable target in view!
No reachable target in view!
The shadow imp gestures at you. Pain shoots through your body!
The shadow imp gestures at you.
You struggle to resist.
You enter the shallow water.
Moving in this stuff is going to be slow.
The orc priest calls down the wrath of Beogh upon you.
Beogh smites you! The shadow imp gestures at you.
Pain shoots through your body! The shadow imp gestures at you.
Pain shoots through your body! The shadow imp gestures at you.
Pain shoots through your body! The shadow imp gestures at you.
Pain shoots through your body! The shadow imp gestures at you.
Pain shoots through your body!
The orc priest invokes the aid of Beogh against you.
Beogh smites you!
* * * LOW HITPOINT WARNING * * *
The shadow imp gestures at you. Pain shoots through your body!
* * * LOW HITPOINT WARNING * * *
You open the door. The shadow imp gestures at you.
Pain shoots through your body!
You die...

......# #.#.#P.....P#.........# #
......# #.#.####'####..#......# #
......# #.#.#.≈...≈.#.........# #
......# #.#.#.≈...≈.#..#.###### #
....### #.#.#.≈~~~≈.#..#.# ####
###### #.#.#.≈~♣P≈.#..#.#####..+
.....# #.#.#.≈~~~≈o#..#.##....##
####.# #.#.#o≈...≈.#..#.##.....)
...#.# #.#.#5≈.@.≈5#..#.#.....)#
...#.####.#.####'####..#.##...###
.#.#....#.#.#P..!..~#..#.##...# #
...####.#.#.#8P$©$P8#..#.##...# #
#...........#########....##...# #
....###.........©.....#..###### #
....#......####...######.## #
....#.#....# ##.## #..# #
#...#.##...# #..# #..#######


You could see 2 orc priests and 2 shadow imps.

Vanquished Creatures
  Sigmund (D:3)
  The ghost of OSAMASBALLS the Caller, an amateur GnSu (D:5)
  An ice beast (D:5)
  An ogre (D:5)
  A bullfrog (D:5)
  A necrophage (D:5)
  2 scorpions
  A jelly (D:4)
  A gnoll bouda (D:4)
  2 orc priests (D:5)
  2 orc wizards (D:4)
  6 iguanas
  6 adders
  8 gnolls
  A worm (D:4)
  19 orcs
  6 ball pythons
  7 endoplasms
  4 giant cockroaches
  13 goblins
  3 hobgoblins
  4 quokkas
  7 bats
  A frilled lizard (D:1)
  10 kobolds
  9 rats
118 creatures vanquished.

Notes
Turn   | Place    | Note
-------+----------+-------------------------------------------
     0 | D:1      | Kel the Gargoyle Fighter began the quest for the Orb.
     0 | D:1      | Reached XP level 1. HP: 14/14 MP: 1/1
    34 | D:1      | Found a faded altar of an unknown god.
   119 | D:1      | Reached skill level 2 in Axes
   429 | D:1      | Reached XP level 2. HP: 12/19 MP: 2/2
  1002 | D:2      | Reached skill level 3 in Axes
  1002 | D:2      | Reached XP level 3. HP: 17/23 MP: 3/3
  1391 | D:2      | Reached XP level 4. HP: 26/28 MP: 4/4
  2001 | D:3      | Reached skill level 4 in Axes
  2246 | D:3      | Reached XP level 5. HP: 14/32 MP: 5/5
  2451 | D:3      | Noticed Sigmund
  2475 | D:3      | Killed Sigmund
  2476 | D:3      | Reached skill level 5 in Axes
  2476 | D:3      | Reached XP level 6. HP: 18/37 MP: 6/6
  2944 | D:3      | Identified the +1 buckler "Botarost" {rPois Int+2}
  3460 | D:4      | Reached skill level 6 in Axes
  3930 | D:4      | Reached XP level 7. HP: 9/41 MP: 7/7
  4685 | D:4      | Reached skill level 7 in Axes
  4980 | D:4      | Found a shimmering blue altar of Sif Muna.
  5145 | D:5      | Entered Level 5 of the Dungeon
  5314 | D:5      | Found a shadowy altar of Dithmenos.
  5330 | D:5      | Found a transporter.
  5402 | D:5      | Found a transporter.
  5889 | D:5      | Found a runed translucent door.
  5922 | D:5      | Reached skill level 8 in Axes
  5992 | D:5      | Found a blossoming altar of Fedhas.
  6035 | D:5      | Reached XP level 8. HP: 20/46 MP: 8/8
  6333 | D:5      | Found an iron altar of Okawaru.
  6333 | D:5      | Found an ornate altar of the Wu Jian Council.
  6340 | D:5      | Found a faded altar of an unknown god.
  6342 | D:5      | Found a snail-covered altar of Cheibriados.
  6344 | D:5      | Found a shimmering altar of Xom.
  6752 | D:5      | Noticed OSAMASBALLS's ghost (amateur GnSu)
  6938 | D:5      | Reached skill level 9 in Axes
  6950 | D:5      | Killed OSAMASBALLS's ghost
  7114 | D:5      | Killed from afar by a shadow imp

Illustrated notes

Levels and vault maps discovered:
D:1:      dpeg_arrival_rooms_a, layout_loops_ring,
          hellmonk_ecumenical_altar_lost_god, minivault_23
D:2:      layout_basic
D:3:      minmay_inner_zag, layout_basic, corexii_shack, uniq_sigmund
D:4:      layout_basic, tgw_sif
D:5:      gammafunk_wand_slinger, layout_basic,
          mainiacjoe_overflow_cross_hatched, mainiacjoe_overflow_brackets,
          chequers_temple_overflow_minitemple, ebering_ghost_sewer_d,
          corner_web_ring, roderic_lattice_a, mumra_transporter_accident,
          corexii_leaking_fountain

Skill      XL: |  1  2  3  4  5  6  7  8 |
---------------+-------------------------+-----
Axes           | 2 3 4 5 6 8 9 |  9.4
Fighting       | |  3.2
Armour         | |  3.2
Shields        | |  3.2

Action                   |  1- 3 |  4- 6 |  7- 9 || total
-------------------------+-------+-------+-------++-------
Melee: War axe           |    94 |   205 |   169 ||   468
  Use: Scroll            |       |     6 |     2 ||     8
Armor: Scale mail        |    56 |    82 |    46 ||   184
       Plate armour      |       |       |    19 ||    19
Dodge: Dodged            |    74 |   150 |    80 ||   304
Block: Buckler           |    22 |    47 |    33 ||   102
